 Dungeon Crawl Stone Soup version 0.28-a0-172-g787e458d71 (webtiles) character file.

Game seed: 17883227710313920519

93 rabbitsville the Chopper (level 4, -3/41 HPs)
             Began as a Hill Orc Monk on Aug 16, 2021.
             Slain by Robin (8 damage)
             ... on level 3 of the Dungeon.
             The game lasted 00:11:07 (2994 turns).

rabbitsville the Chopper (Hill Orc Monk)            Turns: 2994, Time: 00:11:07

Health: -3/41      AC:  3    Str: 14    XL:     4   Next: 62%
Magic:  5/5        EV:  9    Int: 10    God:
Gold:   27         SH:  7    Dex: 13    Spells: 4/4 levels left

rFire   . . .      SeeInvis .   c - +4 spear
rCold   . . .      Faith    .   h - +0 kite shield
rNeg    . . .      Spirit   .   s - +0 robe
rPois   .          Reflect  .   (no helmet)
rElec   .          Harm     .   b - +0 cloak
rCorr   .          Rampage  .   (no gloves)
Will    .....                   (no boots)
Stlth   ++........              (no amulet)
HPRegen 0.13/turn               (no ring)
MPRegen 0.09/turn               (no ring)

@: no status effects
A: no striking features
a: no special abilities


You were on level 3 of the Dungeon.
You visited 1 branch of the dungeon, and saw 3 of its levels.

You collected 27 gold pieces.

Inventory:

Hand Weapons
 a - a +0 hand axe
 c - a +4 spear (weapon)
 f - a +1 short sword of electrocution
Missiles
 g - 2 boomerangs (quivered)
Armour
 b - a +0 cloak (worn)
 h - a +0 kite shield (worn)
 s - a +0 robe (worn)
Magical Staves
 e - a staff of death
Scrolls
 i - 2 scrolls of amnesia {unknown}
 j - a scroll of enchant armour {unknown}
 k - a scroll of identify {unknown}
 l - a scroll of holy word {unknown}
 q - a scroll of fog {unknown}
 r - a scroll of torment {unknown}
 t - a scroll of fear {unknown}
Potions
 d - a potion of flight {unknown}
 o - 2 potions of haste
 p - a potion of lignification {unknown}


   Skills:
 + Level 4.5 Fighting
 - Level 1.1 Short Blades
 - Level 4.6(4.7) Axes
 * Level 0.8(2.5) Polearms
 - Level 2.4 Dodging
 - Level 1.5 Stealth
 + Level 0.6 Spellcasting
 + Level 1.2 Fire Magic
 - Level 1.7 Invocations


You had 4 spell levels left.
You didn't know any spells.
Your spell library contained the following spells:

 Spells                   Type           Power      Damage    Failure   Level
 Ozocubu's Armour         Ice            0%         N/A       100%        3
 Fireball                 Conj/Fire      0%         3d3       100%        5
 Starburst                Conj/Fire      0%         6d3       100%        6
 Ozocubu's Refrigeration  Ice            0%         4d5       100%        7
 Ignition                 Fire           1%         3d3       100%        8


Dungeon Overview and Level Annotations

Branches:
Dungeon (3/15)

Altars:
Hepliaklqana

Annotations:
D:3 Robin


Message History

You block Robin's attack.
Robin says, "A pitiful Hill Orc like you will never find the ORB!"
You block Robin's attack.
You hit Robin but do no damage.
Robin is moderately wounded.
A hobgoblin comes into view.
Robin roars a battlecry!
The hobgoblin goes into a battle-frenzy!
The hobgoblin shouts!
You closely miss Robin.
Robin is moderately wounded.
Robin hits you but does no damage.
You completely miss Robin.
Robin is moderately wounded.
Robin hits you with a +1 mace of protection.
* * * LOW HITPOINT WARNING * * *
You hit Robin but do no damage.
Robin is moderately wounded.
Robin closely misses you. You block Robin's attack.
You closely miss Robin.
Robin is moderately wounded.
You block Robin's attack.
You hit Robin but do no damage.
Robin is moderately wounded.
You closely miss Robin.
Robin is moderately wounded.
Robin closely misses you. The hobgoblin hits you.
* * * LOW HITPOINT WARNING * * *
Things that are here:
a +1 dagger of flaming; a +0 club You hit Robin but do no damage.
Robin is moderately wounded.
You block Robin's attack.
Robin hits you with a +1 mace of protection.
* * * LOW HITPOINT WARNING * * *
It was a potion of magic.
Magic courses through your body. You block Robin's attack.
It was a potion of cancellation.
You feel magically purged.
Robin hits you with a +1 mace of protection!
You die...

####.#.########
.....#........#
#
#############.#
.# #.# ###.#
#.# #...
#.####)#
#.##g).#
#.##g### #.##@#
#.##.# #....#
#.##.# ######


You could see Robin and a hobgoblin (strong).

Vanquished Creatures
  Terence (D:3)
  An adder (D:3)
  A worm (D:2)
  A dart slug (D:1)
  9 ball pythons
  An endoplasm (D:2)
  11 goblins
  6 hobgoblins
  3 jackals (D:1)
  6 kobolds
  3 quokkas
  5 bats
  2 frilled lizards
  6 rats
56 creatures vanquished.

Notes
Turn   | Place    | Note
-------+----------+-------------------------------------------
     0 | D:1      | rabbitsville the Hill Orc Monk began the quest for the Orb.
     0 | D:1      | Reached XP level 1. HP: 19/19 MP: 1/1
   228 | D:1      | Reached skill level 1 in Invocations
   228 | D:1      | Reached XP level 2. HP: 23/27 MP: 2/2
   710 | D:1      | Found a faded altar of an unknown god.
   710 | D:1      | Noticed a floating eye
   714 | D:1      | Noticed an eye of devastation
   714 | D:1      | Noticed a great orb of eyes
   714 | D:1      | Noticed a golden eye
   804 | D:1      | Reached XP level 3. HP: 30/33 MP: 4/4
  1233 | D:2      | Found a hazy altar of Hepliaklqana.
  2227 | D:3      | Reached skill level 1 in Short Blades
  2227 | D:3      | Reached XP level 4. HP: 30/41 MP: 5/5
  2505 | D:3      | Noticed Terence
  2532 | D:3      | Killed Terence
  2533 | D:3      | Reached skill level 1 in Fire Magic
  2968 | D:3      | Noticed Robin
  2994 | D:3      | Slain by Robin

Illustrated notes

Levels and vault maps discovered:
D:1:      dpeg_arrival_rooms_with_view, layout_loops_corners,
          hellmonk_ecumenical_altar_watching_god
D:2:      layout_rooms, basic_altar, dk_vineyard_1
D:3:      layout_basic, uniq_terence, uniq_robin

Skill      XL: |  1  2  3  4 |
---------------+-------------+-----
Invocations    | 1 |  1.7
Fighting       | 4 |  4.5
Short Blades   | 1 |  1.1
Fire Magic     | 1 |  1.2
Axes           | |  4.6
Polearms       | |  0.8
Dodging        | |  2.4
Stealth        | |  1.5
Spellcasting   | |  0.6

Action                   |  1- 3 |  4- 6 || total
-------------------------+-------+-------++-------
Melee: Hand axe          |    83 |       ||    83
       Short sword       |    52 |     7 ||    59
       Spear             |       |    43 ||    43
Throw: Boomerang         |     2 |       ||     2
  Use: Potion            |       |     2 ||     2
Armor: Ring mail         |    42 |       ||    42
       Robe              |       |     6 ||     6
Dodge: Dodged            |    73 |    30 ||   103
Block: Kite shield       |    28 |    20 ||    48

Table legend: (Time is in decaauts)
 A = Elapsed time spent in this place.
 B = Non-inter-level travel time spent in this place.
 C = Inter-level travel time spent in this place.
 D = Time resting spent in this place.
 E = Time spent auto-exploring this place.
 F = Levels seen in this place.
 G = Mean time per level.
                   A        B        C        D        E       F      G
               +--------+--------+--------+--------+--------+-----+--------+
         Total |   3042 |   3001 |     41 |    573 |   1723 |   3 | 1014.0 |
       Dungeon |   3042 |   3001 |     41 |    573 |   1723 |   3 | 1014.0 |
               +--------+--------+--------+--------+--------+-----+--------+

Top non-repeatable levels by time:
     D:1: 1244 daAuts
     D:3: 1031 daAuts
     D:2: 765 daAuts
